 Dungeon Sprint DCSS version 0.30-a0-779-g7971cf19c3 (webtiles) character file.

Game seed: 5631403888304973106

1457 dialectric the Basher (level 8, -7/60 HPs)
             Began as a Gargoyle Fighter on Feb 17, 2023.
             Blown up by a great orb of eyes (44 damage)
             ... with a mindburst bolt
             ... while paralysed by a great orb of eyes
             ... in the Dungeon (Sprint II: "The Violet Keep of Menkaure").
             The game lasted 00:02:42 (514 turns).

dialectric the Basher (Gargoyle Fighter)             Turns: 514, Time: 00:02:43

Health: -7/60      AC: 13    Str: 24    XL:     8   Next: 76%
Magic:  7/7        EV:  2    Int:  9    God:
Gold:   167        SH:  0    Dex:  9    Spells: 7/7 levels left

rFire   . . .      SeeInvis .    d - +9 morningstar of Cheibriados's Respect {freeze, Str+2}
rCold   . . .      Faith    .    (no shield)
rNeg    + . .      Spirit   .    b - +0 scale mail
rPois   ∞          Reflect  .    (no helmet)
rElec   +          Harm     .    f - +0 cloak
rCorr   .          Rampage  .    (no gloves)
Will    +....      NoTele   +    (no boots) Stlth
                                 (no amulet)
HPRegen 0.30/turn                (no ring)
MPRegen 0.10/turn                (no ring)

@: paralysed
A: sickness immunity, AC +5, negative energy resistance 1, electricity
resistance, torment resistance 1, petrification resistance, deformed body, low
MP 1, strong-willed 1, mutation resistance 1
a: no special abilities


You were in the Dungeon.
You visited 1 branch You collected 810 gold pieces.
You spent 643 gold pieces at shops.

Inventory:

Hand Weapons
 a - a +0 flail
 d - the +9 morningstar of Cheibriados's Respect (weapon) {freeze, Str+2}
   (You bought it in a shop in the Dungeon)

   Str:       It affects your strength (+2).
Armour
 b - a +0 scale mail (worn)
 c - a +0 buckler
 f - a +0 cloak (worn)
Scrolls
 j - a scroll of blinking
Potions
 e - a potion of berserk rage
 g - a potion of haste
 h - 2 potions of magic
 i - a potion of invisibility
 k - 2 potions of heal wounds
 l - a potion of lignification {unknown}


   Skills:
 + Level 11.5 Fighting
 * Level 12.8 Maces & Flails
 + Level 11.0 Armour
 - Level 2.0 Dodging
 - Level 3.2 Shields


You had 7 spell levels left.
You didn't know any spells.
Your spell library was empty.

Dungeon Overview and Level Annotations

Branches:
Dungeon (1/1)

Altars:
Cheibriados
Dithmenos
Elyvilon
Fedhas
Gozag
Kikubaaqudgha
Makhleb
Nemelex Xobeh
Okawaru
Sif Muna
Trog
Uskayaw
Vehumet
Yredelemnul
Zin
Jiyva
Lugonu

Shops:
D [:(=!=[:![!*?:!

Annotations:
D exclusion: oklob plant


Innate Abilities, Weirdness & Mutations

You are immune to sickness and miasma.
Your stone body is resilient. (AC +5)
You are immune to poison.
You resist negative energy. (rN+)
You are resistant to electric shocks. (rElec)
You are resistant to unholy torment.
You are immune to petrification.
Armour fits poorly on your strangely shaped body.
Your magical capacity is low. (-10% MP)
You are strong-willed. (Will+)
You are somewhat resistant to further mutation.


Message History

The redback bites you but does no damage.
You puncture the redback! You freeze the redback.
You kill the redback!
Your Armour skill increases to level 11!
There is an open door here.
You see here a redback corpse.
You now have 167 gold pieces (gained 81).
l - a metallic purple potion
There is an open door here.
You see here a redback corpse.
You start resting.
HP restored.
You open the door.
A great orb of eyes comes into view.
The great orb of eyes turns its gaze towards you.
The great orb of eyes moves out of view.
Found a scroll labelled EVOSOT GAJILI.
Found 2 scrolls labelled YCU FEPLIUCUURPH and 81 gold pieces.
The great orb of eyes bites you but does no damage.
There is an open door here.
You sock the great orb of eyes! You freeze the great orb of eyes.
You punch the great orb of eyes, but do no damage.
The great orb of eyes is lightly wounded.
The great orb of eyes bites you!
You impale the great orb of eyes!! You freeze the great orb of eyes!
The great orb of eyes is heavily wounded.
The great orb of eyes bites you!
You puncture the great orb of eyes! You freeze the great orb of eyes.
The great orb of eyes is severely wounded.
You sock the great orb of eyes! You freeze the great orb of eyes.
The great orb of eyes is almost dead.
The great orb of eyes gazes at you.
You suddenly lose the ability to move!
The great orb of eyes gazes at you.
You easily resist.
The great orb of eyes bites you! The great orb of eyes gazes at you.
Your mind is blasted!
Ouch! That really hurt!
You die... ≈≈≈≈≈≈≈ ≈≈§.≈ §≈z§§ +# # zz§ ..### ## zzz

....# ~#+++#+++## ...#
~.........# ..# ~~.##'##..
####.#
~~##.#.##.####.?@.###
~~#.###.# ...#$G#...#
####.#.####..#####..# #.#
#÷###.##..#..†..#
..###.##..##..#..#..# #
##.'.<.'.##'..####§.##.#
..###.##.#.#.§..###...##▓▓
#.#
#+###.##......~~~~~~~~~
###


B#B ###§~.....~#+###### You could see a great orb of eyes.

Vanquished Creatures
  2 wyverns (D)
  4 neqoxecs (D)
  2 redbacks (D)
  Menkaure (D)
  A water moccasin (D)
  4 scorpions (D)
14 creatures vanquished.

Notes
Turn   | Place    | Note
-------+----------+-------------------------------------------
     0 | D        | dialectric the Gargoyle Fighter began the quest for the
                  | Orb.
     0 | D        | Reached XP level 1. HP: 14/14 MP: 1/1
     8 | D        | Noticed a scorpion
     8 | D        | Noticed a scorpion
    16 | D        | Killed a scorpion
    17 | D        | Reached skill level 3 in Maces & Flails
    17 | D        | Reached XP level 2. HP: 17/22 MP: 2/2
    17 | D        | Reached XP level 3. HP: 21/27 MP: 3/3
    24 | D        | Killed a scorpion
    25 | D        | Reached skill level 4 in Maces & Flails
    25 | D        | Reached XP level 4. HP: 24/32 MP: 4/4
    26 | D        | Noticed a scorpion
    26 | D        | Noticed a scorpion
    38 | D        | Killed a scorpion
    39 | D        | Reached skill level 5 in Maces & Flails
    39 | D        | Reached XP level 5. HP: 23/38 MP: 5/5
    40 | D        | Reached skill level 6 in Maces & Flails
    40 | D        | Reached XP level 6. HP: 27/44 MP: 6/6
    42 | D        | Noticed a wyvern
    42 | D        | Noticed a wyvern
    53 | D        | Killed a wyvern
    54 | D        | Reached skill level 8 in Maces & Flails
    56 | D        | Killed a wyvern
    57 | D        | Reached skill level 9 in Maces & Flails
    57 | D        | Reached XP level 7. HP: 26/52 MP: 7/7
    66 | D        | Found Hexty's Distillery.
    66 | D        | Found Ramollot's Antique Armour Boutique.
    66 | D        | Found Putwaby's Magic Scroll Boutique.
    66 | D        | Found Baashrusu's Distillery.
    66 | D        | Found Lonnik's Distillery.
    66 | D        | Found Wyferch's Assorted Antiques.
    66 | D        | Found Luuteeto's Book Boutique.
    89 | D        | Found Avasch's Jewellery Boutique.
    89 | D        | Found Ewaoheuf's Distillery.
    89 | D        | Noticed a yak
    90 | D        | Found Salluhyg's Book Shop.
    90 | D        | Found Duypser's Armour Boutique.
    90 | D        | Noticed a yak
    91 | D        | Found Leloluh's Jewellery Boutique.
    91 | D        | Found Acvomuf's Antique Weapon Shop.
    91 | D        | Noticed Menkaure
    91 | D        | Noticed a yak
    91 | D        | Noticed an oklob plant
    92 | D        | Found Paimisch's Antique Armour Boutique.
    92 | D        | Found Waestrala's Book Shoppe.
    96 | D        | Noticed a cane toad
   102 | D        | Killed Menkaure
   103 | D        | Reached skill level 10 in Fighting
   118 | D        | Noticed a flying skull
   118 | D        | Noticed a flying skull
   118 | D        | Noticed a flying skull
   118 | D        | Noticed a flying skull
   119 | D        | Noticed a flying skull
   119 | D        | Noticed a flying skull
   120 | D        | Noticed a flying skull
   121 | D        | Noticed a flying skull
   121 | D        | Noticed a flying skull
   122 | D        | Noticed a flying skull
   188 | D        | Noticed a neqoxec
   188 | D        | Noticed a neqoxec
   188 | D        | Noticed a neqoxec
   188 | D        | Noticed a neqoxec
   198 | D        | Gained mutation: Your magical capacity is low. (-10% MP) [a
                  | neqoxec]
   199 | D        | Killed a neqoxec
   199 | D        | Gained mutation: You are weak. (Str -2) [a neqoxec]
   200 | D        | Reached skill level 10 in Maces & Flails
   200 | D        | Reached skill level 10 in Armour
   209 | D        | Noticed a flying skull
   211 | D        | Gained mutation: Armour fits poorly on your strangely
                  | shaped body. [a neqoxec]
   217 | D        | Noticed a flying skull
   221 | D        | Killed a neqoxec
   222 | D        | Reached skill level 11 in Maces & Flails
   222 | D        | Reached XP level 8. HP: 37/59 MP: 7/7
   234 | D        | Gained mutation: You sometimes lose your temper in combat.
                  | [a neqoxec]
   235 | D        | Gained mutation: You are dopey. (Int -2) [a neqoxec]
   239 | D        | Reached skill level 12 in Maces & Flails
   292 | D        | Noticed a boulder beetle
   292 | D        | Noticed a boulder beetle
   357 | D        | Bought a potion of mutation for 96 gold pieces
   357 | D        | Lost mutation: You are weak. (Str -2) [potion of mutation]
   357 | D        | Lost mutation: You are dopey. (Int -2) [potion of mutation]
   357 | D        | Lost mutation: You sometimes lose your temper in combat.
                  | [potion of mutation]
   357 | D        | Gained mutation: You are strong-willed. (Will+) [potion of
                  | mutation]
   357 | D        | Gained mutation: You are somewhat resistant to further
                  | mutation. [potion of mutation]
   364 | D        | Bought a polished morningstar for 216 gold pieces
   364 | D        | Identified the +9 morningstar of Cheibriados's Respect
                  | {freeze, Str+2} (You bought it in a shop in the Dungeon)
   366 | D        | Bought a potion of berserk rage for 70 gold pieces
   372 | D        | Noticed a cane toad
   374 | D        | Bought a +0 cloak for 63 gold pieces
   380 | D        | Bought a potion of invisibility for 88 gold pieces
   380 | D        | Bought a potion of heal wounds for 55 gold pieces
   380 | D        | Bought a potion of heal wounds for 55 gold pieces
   412 | D        | Found an iron altar of Okawaru.
   412 | D        | Found a radiant altar of Vehumet.
   412 | D        | Found a glowing silver altar of Zin.
   413 | D        | Found a sparkling altar of Nemelex Xobeh.
   413 | D        | Found a hide-covered altar of Uskayaw.
   414 | D        | Found an opulent altar of Gozag.
   414 | D        | Found a burning altar of Makhleb.
   414 | D        | Found a bloodstained altar of Trog.
   415 | D        | Found a blossoming altar of Fedhas.
   415 | D        | Found a corrupted altar of Lugonu.
   415 | D        | Found a basalt altar of Yredelemnul.
   415 | D        | Found a shimmering blue altar of Sif Muna.
   416 | D        | Found a white marble altar of Elyvilon.
   416 | D        | Found an ancient bone altar of Kikubaaqudgha.
   417 | D        | Found a shadowy altar of Dithmenos.
   417 | D        | Found a viscous altar of Jiyva.
   418 | D        | Found a snail-covered altar of Cheibriados.
   506 | D        | Noticed a great orb of eyes
   511 | D        | Paralysed by a great orb of eyes for 3 turns
   514 | D        | Blown up by a great orb of eyes

Illustrated notes

Levels and vault maps discovered:
D:        the_violet_keep_of_menkaure [sprint2_stairs_cluster_1,
          sprint2_shoproom, sprint2_temple, sprint2_basic_supplies,
          sprint2_obstacle_4, sprint2_obstacle_6, sprint2_obstacle_1,
          sprint2_obstacle_5, sprint2_obstacle_3, sprint2_timed_cluster_1,
          sprint2_smallroom_cluster_1, sprint2_smallroom_final_cluster_1,
          sprint2_transparent_cluster_1, sprint2_second_timed_cluster_1,
          sprint2_sniper_area_1, sprint2_heavy_combat_area_1,
          sprint2_mutation_trap_area_1, sprint2_forest_area_1,
          sprint2_light_combat_area_1, sprint2_behind_water_1,
          sprint2_near_end_vault_1]

Skill      XL: |  1  2  3  4  5  6  7  8 |
---------------+-------------------------+-----
Fighting       | 6 7 8 9 10 11 | 11.5
Maces & Flails | 3 4 5 6 9 11 12 | 12.8
Armour         | 6 7 8 9 10 11 | 11.0
Dodging        | 2 |  2.0
Shields        | |  3.2

Action                     |  1- 3 |  4- 6 |  7- 9 || total
---------------------------+-------+-------+-------++-------
  Melee: Flail             |    15 |    23 |    46 ||    84
         Punch             |     1 |     1 |     1 ||     3
         Morningstar       |       |       |    11 ||    11
    Use: Potion            |     1 |     3 |     1 ||     5
 Armour: Scale mail        |    12 |     9 |    19 ||    40
  Dodge: Dodged            |     4 |    18 |    16 ||    38

Table legend: (Time is in decaauts)
 A = Elapsed time spent in this place.
 B = Non-inter-level travel time spent in this place.
 C = Inter-level travel time spent in this place.
 D = Time resting spent in this place.
 E = Time spent auto-exploring this place.
 F = Levels seen in this place.
 G = Mean time per level.
                   A        B        C        D        E       F      G
               +--------+--------+--------+--------+--------+-----+--------+
         Total |    528 |    528 |      0 |    198 |     83 |   1 |  528.0 |
       Dungeon |    528 |    528 |      0 |    198 |     83 |   1 |  528.0 |
               +--------+--------+--------+--------+--------+-----+--------+

Top non-repeatable levels by time:
       D: 528 daAuts
